EL
JACKSONVILLE SUNS @ MISSISSIPPI BRAVES
08/02/2046
 
TOP OF THE 1ST
Jacksonville Suns batting - Pitching for Mississippi Braves : RHP Orlando Velazquez
Pitching: RHP Orlando Velazquez
Batting: LHB Luis Magdaleno 0-0: Called Strike
0-1: Fly out, F8 (Flyball, 78M, EV 80.0 MPH)
Batting: RHB Masumitsu Sugiura 0-0: Called Strike
0-1: SINGLE (Groundball, 34D, EV 98.1 MPH)
Batting: RHB Jack Power 0-0: Ball
1-0: Ball
2-0: Ball
3-0: Base on Balls
Masumitsu Sugiura to second
Batting: LHB Adam Durgin 0-0: Foul Ball, location: 2F
0-1: Ball
1-1: Ball
2-1: Foul Ball, location: 2F
2-2: Ball
3-2: Strikes out looking
Batting: RHB Isaiah Brockman 0-0: Ball
1-0: Ball
2-0: Called Strike
2-1: Fly out, F8 (Flyball, 89D, EV 91.2 MPH)
Top of the 1st over - 0 runs, 1 hit, 0 errors, 2 left on base; Jacksonville 0 - Mississippi 0
BOTTOM OF THE 1ST
Mississippi Braves batting - Pitching for Jacksonville Suns : LHP Mike Wasson
Pitching: LHP Mike Wasson
Batting: RHB Hieronim Rutkowski 0-0: Ball
1-0: Foul Ball, location: 2F
1-1: Ball
2-1: Ball
3-1: Called Strike
3-2: Foul Ball, location: 2F
3-2: Foul Ball, location: 2F
3-2: SINGLE (Groundball, 34D, EV 105.6 MPH)
Batting: RHB Mike Meeker 0-0: Ball
Hieronim Rutkowski steals 2nd base (no throw)
1-0: Called Strike
1-1: Ground out U3 (Groundball, 34, EV 99.4 MPH)
Hieronim Rutkowski to third
Batting: LHB Erik Gretzky 0-0: Foul Ball, location: 2F
0-1: Ball
1-1: Ball
2-1: Ball
3-1: Swinging Strike
3-2: Base on Balls
Batting: RHB Luis Revilla 0-0: Ball
1-0: Ball
2-0: Swinging Strike
2-1: Called Strike
Erik Gretzky is caught stealing 2nd base 2-4
2-2: Strikes out looking
Bottom of the 1st over - 0 runs, 1 hit, 0 errors, 1 left on base; Jacksonville 0 - Mississippi 0
TOP OF THE 2ND
Jacksonville Suns batting - Pitching for Mississippi Braves : RHP Orlando Velazquez
Batting: RHB Rick Fell 0-0: Called Strike
0-1: Ball
1-1: Foul Ball, location: 2F
1-2: Foul Ball, location: 2F
1-2: Ball
2-2: Strikes out swinging
Batting: RHB Willie Chavez 0-0: Swinging Strike
0-1: Called Strike
0-2: Ball
1-2: Foul Ball, location: 2F
1-2: Ball
2-2: Foul Ball, location: 2F
2-2: Ball
3-2: Ground out 4-3 (Groundball, 4MS, EV 85.6 MPH)
Batting: LHB Emilio Cordero 0-0: Called Strike
0-1: Ball
1-1: Ball
2-1: Ball
3-1: Foul Ball, location: 2F
3-2: Foul Ball, location: 2F
3-2: Base on Balls
Batting: RHB Tom Thompson 0-0: Called Strike
0-1: Ground out 4-3 (Groundball, 13, EV 82.5 MPH)
Top of the 2nd over - 0 runs, 0 hits, 0 errors, 1 left on base; Jacksonville 0 - Mississippi 0
BOTTOM OF THE 2ND
Mississippi Braves batting - Pitching for Jacksonville Suns : LHP Mike Wasson
Batting: LHB Chad Persaud 0-0: Ball
1-0: Called Strike
1-1: Hit by Pitch
Batting: RHB Tade Post 0-0: Called Strike
0-1: Ball
Chad Persaud steals 2nd base
1-1: Foul Ball, location: 2F
1-2: Foul Ball, location: 2F
1-2: Ball
2-2: Strikes out looking
Batting: RHB Edgar Castillo 0-0: Ball
1-0: Called Strike
1-1: DOUBLE (Line Drive, 89D, EV 105.0 MPH)
Chad Persaud scores
Batting: RHB Alex Velasquez 0-0: Called Strike
0-1: Called Strike
Edgar Castillo steals 3rd base
0-2: Ball
1-2: 2-RUN HOME RUN (Flyball, 9D, EV 101.2 MPH), Distance : 375 ft
Batting: SHB Bob Morales 0-0: Ball
1-0: Called Strike
1-1: Ground out 5-3 (Groundball, 56, EV 85.6 MPH)
Batting: RHB Hieronim Rutkowski 0-0: Ball
1-0: Ball
2-0: Ball
3-0: Base on Balls
Batting: RHB Mike Meeker 0-0: Fly out, F9 (Flyball, 9LM, EV 90.6 MPH)
Bottom of the 2nd over - 3 runs, 2 hits, 0 errors, 1 left on base; Jacksonville 0 - Mississippi 3
TOP OF THE 3RD
Jacksonville Suns batting - Pitching for Mississippi Braves : RHP Orlando Velazquez
Batting: LHB Luis Magdaleno 0-0: Called Strike
0-1: SINGLE (Groundball, 6S, EV 65.0 MPH) (infield hit)
Batting: RHB Masumitsu Sugiura 0-0: Fly out, F7 (Flyball, 7, EV 96.9 MPH)
Batting: RHB Jack Power 0-0: Ball
1-0: Called Strike
Luis Magdaleno is caught stealing 2nd base 2-4
1-1: Ball
2-1: Foul Ball, location: 2F
2-2: Foul Ball, location: 2F
2-2: Ground out 6-3 (Groundball, 6D, EV 108.8 MPH)
Top of the 3rd over - 0 runs, 1 hit, 0 errors, 0 left on base; Jacksonville 0 - Mississippi 3
BOTTOM OF THE 3RD
Mississippi Braves batting - Pitching for Jacksonville Suns : LHP Mike Wasson
Batting: LHB Erik Gretzky 0-0: Foul Ball, location: 2F
0-1: Called Strike
0-2: Foul Ball, location: 2F
0-2: Ball
1-2: Ball
2-2: DOUBLE (Flyball, 89XD, EV 93.8 MPH)
Batting: RHB Luis Revilla 0-0: Called Strike
0-1: Ball
1-1: Swinging Strike
1-2: Ball
2-2: Strikes out swinging
Batting: LHB Chad Persaud 0-0: Ball
Erik Gretzky steals 3rd base
1-0: Ball
2-0: Ground out 5-3 (Groundball, 5L, EV 85.0 MPH)
Batting: RHB Tade Post 0-0: SINGLE (Groundball, 6M, EV 103.8 MPH) (infield hit)
Erik Gretzky scores
Batting: RHB Edgar Castillo 0-0: Ball
1-0: Ball
2-0: Called Strike
2-1: SINGLE (Line Drive, 9S, EV 103.8 MPH)
Tade Post to second
Batting: RHB Alex Velasquez 0-0: Fielders Choice at 2nd, 6-4 (Groundball, 6, EV 91.9 MPH)
Bottom of the 3rd over - 1 run, 3 hits, 0 errors, 2 left on base; Jacksonville 0 - Mississippi 4
TOP OF THE 4TH
Jacksonville Suns batting - Pitching for Mississippi Braves : RHP Orlando Velazquez
Batting: LHB Adam Durgin 0-0: Swinging Strike
0-1: Called Strike
0-2: Strikes out looking
Batting: RHB Isaiah Brockman 0-0: Ball
1-0: Foul Ball, location: 2F
1-1: SINGLE (Line Drive, 56D, EV 102.5 MPH)
Batting: RHB Rick Fell 0-0: Ball
1-0: Grounds into double play, 4-6-3 (Groundball, 34S, EV 81.2 MPH)
Top of the 4th over - 0 runs, 1 hit, 0 errors, 0 left on base; Jacksonville 0 - Mississippi 4
BOTTOM OF THE 4TH
Mississippi Braves batting - Pitching for Jacksonville Suns : LHP Mike Wasson
Batting: SHB Bob Morales 0-0: Called Strike
0-1: Ball
1-1: SINGLE (Groundball, 34D, EV 109.4 MPH)
Batting: RHB Hieronim Rutkowski 0-0: Ball
1-0: Called Strike
1-1: SINGLE (Groundball, 6M, EV 89.4 MPH) (infield hit)
Bob Morales to second
Batting: RHB Mike Meeker 0-0: Ball
1-0: Ball
2-0: Foul Ball, location: 2F
2-1: Fly out, F7 (Flyball, 78S, EV 80.0 MPH)
Batting: LHB Erik Gretzky 0-0: Ball
1-0: Ball
2-0: Ball
3-0: Called Strike
3-1: Base on Balls
Bob Morales to third
Hieronim Rutkowski to second
Batting: RHB Luis Revilla 0-0: Ball
1-0: Ball
2-0: Called Strike
2-1: Ball
3-1: SINGLE (Groundball, 56, EV 95.0 MPH)
Bob Morales scores
Hieronim Rutkowski to third
Erik Gretzky to second
Pitching: RHP Gabe Behrend
Batting: LHB Chad Persaud 0-0: Swinging Strike
0-1: Ball
1-1: Foul Ball, location: 2F
1-2: Strikes out looking
Batting: RHB Tade Post 0-0: Ball
1-0: Swinging Strike
1-1: Swinging Strike
1-2: SINGLE (Line Drive, 3D, EV 101.2 MPH)
Hieronim Rutkowski scores
Erik Gretzky to third
Luis Revilla to second
Runner from 3rd tries for Home, SAFE, throw by RF to home
Batting: RHB Edgar Castillo 0-0: Ball
1-0: Ball
2-0: Called Strike
2-1: Ball
3-1: Base on Balls
Luis Revilla to third
Tade Post to second
Batting: RHB Alex Velasquez 0-0: Called Strike
0-1: Ball
1-1: Ball
2-1: Foul Ball, location: 2F
2-2: Ball
3-2: Base on Balls
Luis Revilla scores
Tade Post to third
Edgar Castillo to second
Batting: SHB Bob Morales 0-0: Called Strike
0-1: Ball
1-1: Ground out 4-3 (Groundball, 4, EV 103.1 MPH)
Bottom of the 4th over - 4 runs, 4 hits, 0 errors, 3 left on base; Jacksonville 0 - Mississippi 8
TOP OF THE 5TH
Jacksonville Suns batting - Pitching for Mississippi Braves : RHP Orlando Velazquez
Batting: RHB Willie Chavez 0-0: Called Strike
0-1: Swinging Strike
0-2: Ball
1-2: Foul Ball, location: 2F
1-2: SINGLE (Line Drive, 7S, EV 101.9 MPH)
Batting: LHB Emilio Cordero 0-0: Ball
1-0: Ball
2-0: Ball
3-0: Called Strike
3-1: Base on Balls
Willie Chavez to second
Batting: RHB Tom Thompson 0-0: Called Strike
0-1: Ball
1-1: Ball
2-1: Foul Ball, location: 2F
2-2: Strikes out swinging
Batting: LHB Luis Magdaleno 0-0: Called Strike
0-1: Foul Ball, location: 2F
0-2: Ball
1-2: Ball
2-2: Strikes out swinging
Batting: RHB Masumitsu Sugiura 0-0: SINGLE (Flyball, 9LS, EV 98.8 MPH)
Willie Chavez to third
Emilio Cordero to second
Runner from 3rd tries for Home, throw by RF and OUT! 9-2
Top of the 5th over - 0 runs, 2 hits, 0 errors, 2 left on base; Jacksonville 0 - Mississippi 8
BOTTOM OF THE 5TH
Mississippi Braves batting - Pitching for Jacksonville Suns : RHP Gabe Behrend
Batting: RHB Hieronim Rutkowski 0-0: Ball
1-0: Swinging Strike
1-1: Swinging Strike
1-2: Strikes out looking
Batting: RHB Mike Meeker 0-0: Ball
1-0: Ball
2-0: Called Strike
2-1: Ball
3-1: Called Strike
3-2: Strikes out swinging
Batting: LHB Erik Gretzky 0-0: Foul Ball, location: 2F
0-1: Swinging Strike
0-2: Strikes out looking
Bottom of the 5th over - 0 runs, 0 hits, 0 errors, 0 left on base; Jacksonville 0 - Mississippi 8
TOP OF THE 6TH
Jacksonville Suns batting - Pitching for Mississippi Braves : RHP Orlando Velazquez
Batting: RHB Jack Power 0-0: Ball
1-0: Called Strike
1-1: SINGLE (Line Drive, 8LS, EV 106.9 MPH)
Batting: LHB Adam Durgin 0-0: Ball
1-0: Grounds into double play, 6-4-3 (Groundball, 6, EV 105.6 MPH)
Batting: RHB Isaiah Brockman 0-0: Ball
1-0: Ball
2-0: Ball
3-0: Called Strike
3-1: Called Strike
3-2: Foul Ball, location: 2F
3-2: Foul Ball, location: 2F
3-2: SINGLE (Groundball, 6D, EV 106.9 MPH)
Batting: RHB Rick Fell 0-0: Ball
1-0: Called Strike
1-1: Swinging Strike
1-2: Strikes out swinging
Top of the 6th over - 0 runs, 2 hits, 0 errors, 1 left on base; Jacksonville 0 - Mississippi 8
BOTTOM OF THE 6TH
Mississippi Braves batting - Pitching for Jacksonville Suns : RHP Gabe Behrend
Batting: RHB Luis Revilla 0-0: Called Strike
0-1: Ball
1-1: Ball
2-1: Ground out 6-3 (Groundball, 6M, EV 85.0 MPH)
Batting: LHB Chad Persaud 0-0: Ball
1-0: Ball
2-0: Ball
3-0: Base on Balls
Pitching: RHP Pedro Taveras
Batting: RHB Tade Post 0-0: DOUBLE (Flyball, 78D, EV 96.9 MPH)
Chad Persaud to third
Batting: RHB Edgar Castillo 0-0: Swinging Strike
0-1: Foul Ball, location: 2F
0-2: Ball
1-2: Strikes out swinging
Batting: RHB Alex Velasquez 0-0: Ball
1-0: Fly out, F9 (Flyball, 89D, EV 81.2 MPH)
Bottom of the 6th over - 0 runs, 1 hit, 0 errors, 2 left on base; Jacksonville 0 - Mississippi 8
TOP OF THE 7TH
Jacksonville Suns batting - Pitching for Mississippi Braves : RHP Orlando Velazquez
Batting: RHB Willie Chavez 0-0: Called Strike
0-1: Ground out 4-3 (Groundball, 4, EV 82.5 MPH)
Batting: LHB Emilio Cordero 0-0: Ball
1-0: Swinging Strike
1-1: Ball
2-1: Ball
3-1: Foul Ball, location: 2F
3-2: Base on Balls
Pitching: RHP Marvin Velasco
Pinch Hitting: LHB Jose Cabello 0-0: Called Strike
0-1: Foul Ball, location: 2F
0-2: Strikes out looking
Batting: LHB Luis Magdaleno 0-0: Ball
1-0: Ball
2-0: Swinging Strike
2-1: Ball
3-1: Base on Balls
Emilio Cordero to second
Batting: RHB Masumitsu Sugiura 0-0: Called Strike
0-1: Foul Ball, location: 2F
0-2: Ball
1-2: Fly out, F8 (Flyball, 8RD, EV 98.1 MPH)
Top of the 7th over - 0 runs, 0 hits, 0 errors, 2 left on base; Jacksonville 0 - Mississippi 8
BOTTOM OF THE 7TH
Mississippi Braves batting - Pitching for Jacksonville Suns : RHP Pedro Taveras
Now in CF: Jose Cabello
Batting: SHB Bob Morales 0-0: Ball
1-0: Foul Ball, location: 2F
1-1: Ball
2-1: SINGLE (Line Drive, 8RS, EV 105.0 MPH)
Batting: RHB Hieronim Rutkowski 0-0: Ball
1-0: Ball
2-0: Ball
3-0: Base on Balls
Bob Morales to second
Batting: RHB Mike Meeker 0-0: Foul Ball, location: 2F
0-1: Ball
1-1: Foul Ball, location: 2F
1-2: Fly out, F7 (Line Drive, 7S, EV 91.9 MPH)
Batting: LHB Erik Gretzky 0-0: Called Strike
0-1: Ball
1-1: Ball
2-1: Ball
3-1: Base on Balls
Bob Morales to third
Hieronim Rutkowski to second
Batting: RHB Luis Revilla 0-0: Ball
1-0: Swinging Strike
1-1: Foul Ball, location: 2F
1-2: Foul Ball, location: 2F
1-2: Ball
2-2: Ball
3-2: Fielders Choice at 2nd, 3-6 (Groundball, 34, EV 91.2 MPH)
Bob Morales scores
Hieronim Rutkowski to third
Batting: LHB Chad Persaud 0-0: Foul Ball, location: 2F
0-1: Foul Ball, location: 2F
0-2: Strikes out swinging
Bottom of the 7th over - 1 run, 1 hit, 0 errors, 2 left on base; Jacksonville 0 - Mississippi 9
TOP OF THE 8TH
Jacksonville Suns batting - Pitching for Mississippi Braves : RHP Marvin Velasco
Batting: RHB Jack Power 0-0: Foul Ball, location: 2F
0-1: Ground out 4-3 (Groundball, 4S, EV 88.8 MPH)
Batting: LHB Adam Durgin 0-0: Foul Ball, location: 2F
0-1: Foul Ball, location: 2F
0-2: Ball
1-2: SINGLE (Groundball, 5D, EV 110.0 MPH)
Pinch Hitting: RHB Pat Peterson 0-0: Ball
1-0: Ball
2-0: Ball
3-0: Called Strike
3-1: Foul Ball, location: 2F
3-2: Base on Balls
Adam Durgin to second
Batting: RHB Rick Fell 0-0: Ball
1-0: Grounds into double play, 5-4-3 (Groundball, 56S, EV 88.1 MPH)
Top of the 8th over - 0 runs, 1 hit, 0 errors, 1 left on base; Jacksonville 0 - Mississippi 9
BOTTOM OF THE 8TH
Mississippi Braves batting - Pitching for Jacksonville Suns : RHP Pedro Taveras
Now at 1B: Len Graham
Batting: RHB Tade Post 0-0: Ball
1-0: Foul Ball, location: 2F
1-1: Ball
2-1: Ball
3-1: Base on Balls
Pitching: LHP Will Devitt
Batting: RHB Edgar Castillo 0-0: Called Strike
0-1: Foul Ball, location: 2F
0-2: Ball
1-2: Strikes out looking
Batting: RHB Alex Velasquez 0-0: Ball
1-0: Called Strike
1-1: Called Strike
Tade Post is caught stealing 2nd base 2-4
1-2: Ball
2-2: Strikes out swinging
Bottom of the 8th over - 0 runs, 0 hits, 0 errors, 0 left on base; Jacksonville 0 - Mississippi 9
TOP OF THE 9TH
Jacksonville Suns batting - Pitching for Mississippi Braves : RHP Marvin Velasco
Pinch Hitting: RHB Jake Shelton 0-0: Ball
1-0: Foul Ball, location: 2F
1-1: Ball
2-1: Foul Ball, location: 2F
2-2: Ground out 1-3 (Groundball, 15, EV 69.4 MPH)
Batting: LHB Emilio Cordero 0-0: Called Strike
0-1: Ball
1-1: Ball
2-1: Ball
3-1: Fly out, F8 (Flyball, 8LXD, EV 85.0 MPH)
Batting: LHB Jose Cabello 0-0: Fly out, F9 (Flyball, 89M, EV 86.2 MPH)
Top of the 9th over - 0 runs, 0 hits, 0 errors, 0 left on base; Jacksonville 0 - Mississippi 9
Tuesday, September 13th , 2022 - OOTP Baseball 23.7 Build 88